Cogmind - Beta 12 @@@ ROGUE MODE // 2023.12.03 @ 20:45:04 Player: monistgf Result: Self-destructed Performance ------------- Evolutions (8) 4000 Regions Visited (23) 4600 Robots Destroyed (141) 705 Value Destroyed (5024) 5024 Prototype IDs (26) 520 Alien Tech Used (0) 0 Bonus (7930) 7930 TOTAL SCORE: 22779 Bonus ------- Triggered Max Security 1000 High Alert Combat Kills 383 Follower Combat Kills 1954 Network Hubs Disabled 400 Aligned with FarCom 300 Met Data Miner 300 Built Enhanced Grunts 300 A7 Reached Mainframe 300 Met R17 at Cetus 500 Met R17 at Research 2000 Scanned by Researcher 500 Friendly Fire -7 Cogmind --------- Core Integrity 1130/1450 Matter 37/300 Energy 350/350 System Corruption 0% Temperature Cool (0) Movement Hovering (110) Ox1 Location -2/Research Parts ------- > --- POWER (2) -------- Quantum Reactor > --- PROPULSION (6) --- Improved Gyrokinetic Inverter > --- UTILITY (12) ----- Machine Analyzer > --- WEAPON (3) ------- (None) > --- INVENTORY (5) ---- Light Quantum Reactor Large Storage Unit Centrium Medium Armor Plating Enhanced Quantum Rifle Power Maul Peak State ------------ > --- POWER ------------ Micro Antimatter Reactor Micro Antimatter Reactor > --- PROPULSION ------- Combat Airjet Gravmag Array Antigrav System Improved Antigrav System > --- UTILITY ---------- Large Storage Unit Machine Analyzer Improved Melee Analysis Suite Advanced Melee Analysis Suite Advanced Melee Analysis Suite Transmission Jammer Centrium Medium Armor Plating Experimental Hardlight Generator Improved Hacking Suite Improved Hacking Suite Improved Hacking Suite > --- WEAPON ----------- Heavy Pick Lance Lance > --- INVENTORY -------- Light Antimatter Reactor Light Antimatter Reactor Gravmag Array Antigrav System Large Storage Unit Improved Trap Scanner Microactuators Microactuators Layered Medium Armor Plating Centrium Medium Armor Plating Centrium Medium Armor Plating Centrium Medium Armor Plating Micro-nuke Launcher Power Maul [Rating: 125] Favorites ----------- Power Light Angular Momentum Engine Engine Light Angular Momentum Engine Power Core Nuclear Core Reactor Light Antimatter Reactor Propulsion Gravmag Array Treads Improved Treads Leg Aluminum Leg Wheel Wheel Hover Unit Gravmag Array Flight Unit Impulse Thruster Array Utility Improved Melee Analysis Suite Device Transmission Jammer Storage Large Storage Unit Processor Improved Melee Analysis Suite Hackware Improved Hacking Suite Protection Powered Armor Weapon Spear Energy Gun Small Laser Ballistic Gun Light Assault Rifle Ballistic Cannon Bore Cannon Launcher Rocket Launcher Impact Weapon Power Maul Slashing Weapon Ripper Piercing Weapon Spear Build | -11 -10 -10 -10 -9 -8 -8 -7 -7 -7 -6 -6 -6 -6 -5 -5 -5 -5 -5 -5 -4 -3 -3 -2 ------- Run | Jun Mat Min Exi Min Mat Sto Fac Was Fac Fac Low Low Dat Pro Fac Ext Cet Arc Hub Fac Res Tes Res Slots Evolved 16 | . . . . . 4 . 2 . . 2 . . . . 2 . . . . 2 2 . 2 Power 1 | . . . . . . . . . . . . . . . . . . . . . 1 . . Propulsion 4 | . . . . . 1 . 2 . . . . . . . . . . . . . . . 1 Utility 10 | . . . . . 2 . . . . 2 . . . . 2 . . . . 2 1 . 1 Weapon 1 | . . . . . 1 . . . . . . . . . . . . . . . . . . Parts Attached 232 | . 15 4 . 4 32 10 5 2 24 20 1 . . 5 11 11 4 2 3 24 24 15 16 Power 26 | . 2 . . . 2 2 . . 2 2 . . . . . 1 . . . 6 4 1 4 Engine 11 | . 2 . . . . 2 . . 1 2 . . . . . 1 . . . 2 1 . . Core 6 | . . . . . 2 . . . 1 . . . . . . . . . . 3 . . . Reactor 9 | . . . . . . . . . . . . . . . . . . . . 1 3 1 4 Propulsion 63 | . 4 1 . . 9 7 2 2 11 3 1 . . . 3 2 1 . 2 5 4 4 2 Treads 15 | . 1 . . . 5 3 . . 6 . . . . . . . . . . . . . . Leg 1 | . . . . . . . . . 1 . . . . . . . . . . . . . . Wheel 12 | . 3 1 . . 4 . . . 4 . . . . . . . . . . . . . . Hover 34 | . . . . . . 4 2 2 . 3 1 . . . 3 2 1 . 2 5 4 4 1 Flight 1 | . . . . . . . . . . . . . . . . . . . . . . . 1 Utility 88 | . 3 . . 1 7 1 2 . 6 12 . . . 5 5 4 1 2 . 11 14 10 4 Device 45 | . 1 . . . 1 1 1 . 2 3 . . . 5 2 2 . . . 5 10 8 4 Storage 10 | . 1 . . 1 . . . . 1 2 . . . . 1 1 . . . 2 1 . . Processor 12 | . . . . . 4 . . . 1 1 . . . . 2 . . . . 2 1 1 . Hackware 5 | . . . . . . . . . . 1 . . . . . . . 2 . 1 1 . . Protection 16 | . 1 . . . 2 . 1 . 2 5 . . . . . 1 1 . . 1 1 1 . Artifact . | . . . . . . . . . . . . . . . . . . . . . . . . Weapon 55 | . 6 3 . 3 14 . 1 . 5 3 . . . . 3 4 2 . 1 2 2 . 6 Energy Gun 3 | . . . . . 1 . . . . . . . . . . . . . . . . . 2 Energy Cannon . | . . . . . . . . . . . . . . . . . . . . . . . . Ballistic Gun 18 | . 4 2 . 2 8 . . . . . . . . . . . . . . . . . 2 Ballistic Cannon 1 | . . . . . . . . . . . . . . . . 1 . . . . . . . Launcher 5 | . 2 1 . 1 1 . . . . . . . . . . . . . . . . . . Special Weapon . | . . . . . . . . . . . . . . . . . . . . . . . . Impact Weapon 5 | . . . . . . . . . 2 1 . . . . . . . . . . . . 2 Slashing Weapon 7 | . . . . . 1 . . . 1 1 . . . . 1 1 1 . . 1 . . . Piercing Weapon 16 | . . . . . 3 . 1 . 2 1 . . . . 2 2 1 . 1 1 2 . . Special Melee Weapon . | . . . . . . . . . . . . . . . . . . . . . . . . Unidentified Prototypes 7 | . . . . . . 3 . . . . . . . . . . 1 . . . . 2 1 Parts Lost 67 | . . . . . 11 . . 6 4 4 . . . . . 3 3 . 1 9 3 14 9 Power 8 | . . . . . 1 . . 1 . . . . . . . . . . 1 1 1 1 2 Propulsion 19 | . . . . . 5 . . 1 1 . . . . . . 1 1 . . 3 1 5 1 Utility 25 | . . . . . 2 . . 2 2 3 . . . . . 1 1 . . 3 1 7 3 Weapon 15 | . . . . . 3 . . 2 1 1 . . . . . 1 1 . . 2 . 1 3 Highest Loss Streak 14 | . . . . . 5 . . 6 2 2 . . . . . 2 2 . 1 5 2 14 8 To Critical Strikes 1 | . . . . . . . . . . . . . . . . . . . . . . . 1 Average Slot Usage (%) 88 | . 98 100 100 100 90 99 98 86 74 85 86 86 86 86 93 92 90 92 94 91 93 77 23 Engine 5 | . 14 14 14 14 . 8 7 6 3 6 6 6 6 6 5 5 5 5 5 2 1 . . Treads 5 | . . . . . 18 25 . . 9 6 . . . . . . . . . . . . . Wheel 5 | . 25 28 28 28 6 . . . 13 4 . . . . . . . . . . . . . Hover 11 | . . . . . . . 38 31 . 13 20 20 20 20 22 22 23 23 23 20 18 14 . Device 7 | . 8 14 14 14 6 9 6 6 1 1 6 6 6 6 5 8 7 5 5 8 12 7 8 Storage 6 | . 14 14 14 14 9 9 7 6 3 6 6 6 6 6 5 5 5 5 5 5 4 2 . Processor 12 | . . . . . 14 18 12 7 13 16 6 6 6 6 16 17 17 17 17 15 15 16 4 Hackware 4 | . . . . . . . . . . 5 6 6 6 6 5 5 5 9 11 14 13 11 . Protection 4 | . 3 . . . 2 . 2 5 6 5 13 13 13 13 11 6 5 5 5 4 3 3 . Ballistic Gun 4 | . 23 28 28 27 14 . . . . . . . . . . . . . . . . . 2 Impact Weapon 2 | . . . . . . . . . 5 11 6 6 6 6 3 . . . . . . . . Slashing Weapon 2 | . . . . . . . . . 4 4 6 6 6 6 6 9 10 11 10 3 . . . Piercing Weapon 8 | . . . . . 8 27 22 21 7 1 6 6 6 6 5 5 5 5 5 10 13 12 . Naked Turns . | . . . . . . . . . . . . . . . . . . . . . . . . Heaviest Build 67 | 11 31 31 31 51 58 63 66 66 28 39 39 39 39 39 54 54 48 46 46 51 67 63 27 Greatest Support 69 | 20 26 20 20 20 69 66 40 40 48 50 52 52 52 52 55 58 58 57 57 58 55 55 25 Greatest Overweight (x) 5 | . 1 1 1 2 5 2 1 1 1 1 . . . . . . . . . 1 1 4 4 Average Overweight (x) . | . . 1 1 1 . . 1 . . . . . . . . . . . . . . . . Largest Inventory Capacity 20 | . 15 15 15 20 20 20 20 20 8 20 8 8 8 8 15 15 15 15 15 15 15 15 5 Average Capacity 13 | . 8 15 15 18 20 20 20 17 6 8 8 8 8 8 11 15 15 15 15 15 15 12 5 Most Carried 20 | . 9 15 15 19 20 20 20 20 8 9 8 8 8 8 14 15 15 15 15 15 15 15 5 Average Carried 12 | . 7 13 15 15 18 19 19 17 5 7 7 7 8 8 10 14 14 14 15 14 11 11 4 Final Capacity 20 | 8 15 15 15 20 20 20 20 5 8 8 8 8 8 8 15 15 15 15 15 15 15 5 5 Final Carried 20 | 6 9 15 15 19 20 20 20 5 8 8 8 8 8 8 14 15 15 15 15 12 15 5 5 Class Distribution -------------------- 58% | Mutant 16% | Hacker-Mutant 11% | Skirmisher 8% | Commander-Mutant 3% | Scavenger-Mutant Dominant Class ---------------- Mutant | -10/Materials Mutant | -10/Mines Mutant | -10/Exiles Skirmisher | -9/Mines Skirmisher | -8/Materials Mutant | -8/Storage Mutant | -7/Factory Mutant | -7/Waste Mutant | -7/Factory Mutant | -6/Factory Mutant | -6/Lower Caves Mutant | -6/Lower Caves Mutant | -6/Data Miner Mutant | -5/Proximity Caves Mutant | -5/Factory Commander-Mutant | -5/Extension Commander-Mutant | -5/Cetus Scavenger-Mutant | -5/Archives Scavenger-Mutant | -5/Hub_04(d) Hacker-Mutant | -4/Factory Hacker-Mutant | -3/Research Hacker-Mutant | -3/Testing Mutant | -2/Research Resources | -11 -10 -10 -10 -9 -8 -8 -7 -7 -7 -6 -6 -6 -6 -5 -5 -5 -5 -5 -5 -4 -3 -3 -2 ----------- Run | Jun Mat Min Exi Min Mat Sto Fac Was Fac Fac Low Low Dat Pro Fac Ext Cet Arc Hub Fac Res Tes Res Matter Collected 3274 | 189 103 256 . 251 496 107 80 . 259 194 86 . . 40 102 311 50 20 25 468 237 . . Remotely . | . . . . . . . . . . . . . . . . . . . . . . . . Salvage Created 6326 | . 118 129 . 19 832 893 112 . 436 435 66 . . 286 528 1027 224 309 . 756 . 28 128 Parts 316 | . 14 9 . 3 48 58 9 . 19 15 . . . 8 13 38 9 26 . 41 . 1 5 Haulers Intercepted 7 | . . . . . . 3 . . 1 . . . . . 1 2 . . . . . . . Recyclers Shooed 2 | . 1 . . . 1 . . . . . . . . . . . . . . . . . . Parts Field Recycled . | . . . . . . . . . . . . . . . . . . . . . . . . Retrieved Matter . | . . . . . . . . . . . . . . . . . . . . . . . . Parts Self-Destructed 15 | . . . . . . . . . . . . . . 15 . . . . . . . . . Prevented 2 | . . . . . . . . . . . . . . 2 . . . . . . . . . Kills | -11 -10 -10 -10 -9 -8 -8 -7 -7 -7 -6 -6 -6 -6 -5 -5 -5 -5 -5 -5 -4 -3 -3 -2 ------- Run | Jun Mat Min Exi Min Mat Sto Fac Was Fac Fac Low Low Dat Pro Fac Ext Cet Arc Hub Fac Res Tes Res Combat Hostiles Destroyed 99 | . 9 4 . 1 14 14 2 . 6 7 . . . 5 5 12 4 1 . 10 . 2 3 Melee 62 | . . . . . 1 14 2 . 5 2 . . . 5 5 11 4 1 . 10 . 2 . Guns 20 | . 3 2 . 1 11 . . . . . . . . . . . . . . . . . 3 Cannons 1 | . . . . . . . . . . . . . . . . 1 . . . . . . . AOE 10 | . 6 2 . . 2 . . . . . . . . . . . . . . . . . . Classes Destroyed 15 | . 2 3 . . 4 2 1 . . 2 . . . . . . . . . . . 1 . Worker 6 | . . 1 . . . . . . . 2 . . . . . . . . . 2 . . 1 Builder 6 | . . . . . 3 . . . 1 . . . . . . 1 . . . 1 . . . Tunneler 3 | . . 2 . . 1 . . . . . . . . . . . . . . . . . . Hauler 7 | . . . . . . 3 . . 1 . . . . . 1 2 . . . . . . . Recycler 7 | . 1 . . . 1 . . . 1 . . . . . 2 . . . . 2 . . . Mechanic 1 | . . . . . . . . . . 1 . . . . . . . . . . . . . Operator 8 | . . . . . . . . . . 1 . . . . . . . 6 . 1 . . . Watcher 4 | . . . . . 1 . . . . 1 . . . . . 1 1 . . . . . . Swarmer 30 | . 9 2 . 1 . . . . 2 . . . . . 4 2 2 . . 5 . . 3 Saboteur 2 | . . . . . . . . . . . . . . . . . . . . . . 2 . Grunt 31 | . . 2 . . 9 7 . . 2 2 . . . 3 . 5 . . . 1 . . . Brawler 5 | . . . . . . 1 . . 1 1 . . . 2 . . . . . . . . . Duelist 3 | . . . . . 1 . . . . 2 . . . . . . . . . . . . . Sentry 17 | . . . . . 4 6 1 . 1 . . . . . . 3 . 1 . 1 . . . Programmer 7 | . . . . . . . 1 . . 2 . . . . 1 . . . . 3 . . . Cetus Guard 2 | . . . . . . . . . . . . . . . . . 2 . . . . . . Butcher 2 | . . . . . . . . . . . . . . . . 2 . . . . . . . Best Kill Streak 7 | . 7 5 . 1 5 3 1 . 3 2 . . . 4 4 4 2 6 . 7 . 2 3 Combat Bots Only 6 | . 6 2 . 1 5 3 1 . 5 2 . . . 4 2 4 2 1 . 6 . 2 2 Max Kills in Single Turn 3 | . 2 3 . 1 2 1 1 . 1 1 . . . 1 1 1 1 1 . 1 . 1 1 Gunslinging . | . . . . . . . . . . . . . . . . . . . . . . . . Exploded 2 | . 2 2 . . 1 . . . . . . . . . . . . . . . . . . Melee 1 | . . . . . 1 1 1 . 1 1 . . . 1 1 1 1 1 . 1 . 1 . Uniques/NPCs Destroyed . | . . . . . . . . . . . . . . . . . . . . . . . . Combat | -11 -10 -10 -10 -9 -8 -8 -7 -7 -7 -6 -6 -6 -6 -5 -5 -5 -5 -5 -5 -4 -3 -3 -2 -------- Run | Jun Mat Min Exi Min Mat Sto Fac Was Fac Fac Low Low Dat Pro Fac Ext Cet Arc Hub Fac Res Tes Res Damage Taken 11453 | . 184 112 . 50 1484 536 116 222 878 384 22 . . 291 165 748 519 28 38 1644 578 2246 1208 Core 2828 | . 21 6 . 16 215 141 45 64 184 54 . . . 66 12 168 33 . . 268 46 1169 320 Absorbed by Shields 123 | . . . . . . . . . . . . . . . . 53 70 . . . . . . Regen/Repaired (Parts) 1412 | . . . . . . 233 115 . . . . . . . . 106 . . . . 958 . . Core Remaining (%) 65 | 100 . . . 82 . 35 . . 58 . . . . 85 . . . . 78 76 . 6 . Volleys Fired 122 | . 18 10 . 2 51 . . . . . . . . . . 29 . . . . . . 12 Largest 3 | . 2 2 . 2 3 . . . . . . . . . . 1 . . . . . . 3 Hottest 165 | . 40 40 . 40 96 . . . . . . . . . . 57 . . . . . . 165 Shots Fired 221 | . 31 18 . 4 111 . . . . . . . . . . 29 . . . . . . 28 Gun 180 | . 26 16 . 4 106 . . . . . . . . . . . . . . . . . 28 Cannon 29 | . . . . . . . . . . . . . . . . 29 . . . . . . . Launcher 12 | . 5 2 . . 5 . . . . . . . . . . . . . . . . . . Special . | . . . . . . . . . . . . . . . . . . . . . . . . Kinetic 189 | . 26 16 . 4 103 . . . . . . . . . . 29 . . . . . . 11 Thermal 20 | . . . . . 3 . . . . . . . . . . . . . . . . . 17 Explosive 12 | . 5 2 . . 5 . . . . . . . . . . . . . . . . . . Electromagnetic . | . . . . . . . . . . . . . . . . . . . . . . . . Robot Hit Streak 37 | . 4 7 . 1 37 . . . . . . . . . . . . . . . . . 4 Robot Miss Streak 5 | . 2 2 . 3 5 . . . . . . . . . . 3 . . . . . . 5 Penetration Max 1 | . . . . . . . . . . . . . . . . . . . . . . . 1 Secondary Targets 1 | . . . . . 1 . . . . . . . . . . . . . . . . . . Max Gunslinging Chain 1 | . . . . . 1 . . . . . . . . . . . . . . . . . . Shots Hit Robots 418 | . 19 12 . 1 97 47 9 . 29 34 1 . . 19 21 42 22 12 . 31 7 3 12 Core Hits 178 | . 12 13 . 1 48 20 3 . 7 5 . . . 9 8 19 6 7 . 12 1 1 6 Critical Kills 3 | . . . . . . . . . . 1 . . . . . 2 . . . . . . . Critical Parts Destroyed 11 | . . . . . . . . . 2 8 . . . 1 . . . . . . . . . Critical Strikes 40 | . . . . . 1 4 1 . 8 9 . . . 4 1 5 3 . . 4 . . . Destroy 2 | . . . . . . . . . . . . . . . . 2 . . . . . . . Smash 13 | . . . . . . . . . 3 9 . . . 1 . . . . . . . . . Sever 1 | . . . . . . . . . 1 . . . . . . . . . . . . . . Impale 24 | . . . . . 1 4 1 . 4 . . . . 3 1 3 3 . . 4 . . . Melee Attacks 427 | . . . . . 16 68 10 . 39 56 3 . . 27 28 56 25 16 3 56 10 12 2 Impact 63 | . . . . . . . . . 8 46 . . . 5 2 . . . . . . . 2 Slashing 57 | . . . . . 4 . . . 4 7 1 . . 4 5 16 6 4 1 5 . . . Piercing 307 | . . . . . 12 68 10 . 27 3 2 . . 18 21 40 19 12 2 51 10 12 . Sneak Attacks 45 | . . . . . 2 5 . . 5 4 . . . 1 4 8 . 8 . 8 . . . Combat Hostiles 4 | . . . . . . . . . . . . . . 1 . 3 . . . . . . . Follow-up Attacks 68 | . . . . . 3 18 3 . 6 6 . . . 5 4 10 5 1 . 5 1 1 . Damage Inflicted 15420 | . 692 356 . 10 1589 1611 266 . 1185 1762 78 . . 659 997 2062 874 882 . 1636 229 115 417 Guns 1745 | . 166 125 . 10 1027 . . . . . . . . . . . . . . . . . 417 Cannons 34 | . . . . . . . . . . . . . . . . 34 . . . . . . . Explosions 1082 | . 526 231 . . 325 . . . . . . . . . . . . . . . . . . Melee 12544 | . . . . . 237 1611 266 . 1185 1762 78 . . 659 997 2028 874 882 . 1621 229 115 . Ramming 15 | . . . . . . . . . . . . . . . . . . . . 15 . . . Kinetic 1432 | . 166 125 . 10 984 . . . . . . . . . . 34 . . . . . . 113 Thermal 347 | . . . . . 43 . . . . . . . . . . . . . . . . . 304 Explosive 1082 | . 526 231 . . 325 . . . . . . . . . . . . . . . . . . Electromagnetic . | . . . . . . . . . . . . . . . . . . . . . . . . Impact 2123 | . . . . . . . . . 370 1497 . . . 154 102 . . . . . . . . Slashing 1164 | . . . . . . . . . 132 133 . . . 40 72 404 243 55 . 85 . . . Piercing 9257 | . . . . . 237 1611 266 . 683 132 78 . . 465 823 1624 631 827 . 1536 229 115 . Highest Corruption 15 | . . . . . 1 1 3 13 15 10 3 3 3 3 . . . . . 3 5 5 . Average Corruption 3 | . . . . . 1 1 2 11 13 4 3 3 3 3 . . . . . 2 2 1 . Corruption Purged 16 | . . . . . . . . . 4 7 . . . . . . . . . . 5 . . Corruption Blocked . | . . . . . . . . . . . . . . . . . . . . . . . . Effects 88 | . . . . . 5 8 2 3 28 20 7 1 1 3 . . . . . 6 3 1 . Message Errors 28 | . . . . . . 3 1 1 9 6 2 1 1 1 . . . . . 1 2 . . Matter Fused 17 | . . . . . 1 . . . 8 5 1 . . . . . . . . 1 . 1 . Heat Flow Errors 13 | . . . . . 1 1 1 1 4 2 1 . . 1 . . . . . 1 . . . Energy Discharges 11 | . . . . . . 2 . . 1 5 1 . . 1 . . . . . 1 . . . Parts Rejected 1 | . . . . . . . . . . . . . . . . . . . . . 1 . . Data Loss (minor) 9 | . . . . . 1 2 . 1 3 1 1 . . . . . . . . . . . . Data Loss (major) 7 | . . . . . 2 . . . 2 1 1 . . . . . . . . 1 . . . Alerts 2 | . . . . . . . . . 1 . . . . . . . . . . 1 . . . Overload Shots . | . . . . . . . . . . . . . . . . . . . . . . . . Overflow Damage 1921 | . 8 35 . . 16 31 16 . 322 675 65 . . 59 175 87 49 115 . 262 . 6 . Projectiles . | . . . . . . . . . . . . . . . . . . . . . . . . Explosions 43 | . 8 35 . . . . . . . . . . . . . . . . . . . . . Melee 1878 | . . . . . 16 31 16 . 322 675 65 . . 59 175 87 49 115 . 262 . 6 . Knockbacks 8 | . . . . . . . . . 2 5 . . . 1 . . . . . . . . . Impact 8 | . . . . . . . . . 2 5 . . . 1 . . . . . . . . . Kinetic . | . . . . . . . . . . . . . . . . . . . . . . . . Secondary . | . . . . . . . . . . . . . . . . . . . . . . . . Self-Inflicted Damage 60 | . . 15 . . 38 . . . . . . . . . . . . . . 7 . . . Shots 2 | . . 1 . . 1 . . . . . . . . . . . . . . . . . . Rammed 2 | . . . . . . . . . . . . . . . . . . . . 1 . 1 . Targets Rammed 2 | . . . . . . . . . . . . . . . . . . . . 1 . 1 . Kicked . | . . . . . . . . . . . . . . . . . . . . . . . . Crushed . | . . . . . . . . . . . . . . . . . . . . . . . . Highest Temperature 287 | . 4 16 . 2 191 149 201 110 160 232 147 . . 214 . 216 . . . 67 . 24 287 Average Temperature 69 | . 1 4 . 1 22 72 101 57 75 97 74 . . 91 . 91 . . . 18 . 13 172 Received Heat Transfer 2205 | . . 36 . . 603 261 18 . 198 39 6 . . 102 . 190 69 . 18 99 18 404 144 Effects 1 | . . . . . . . . . . . . . . . . . . . . . . . 1 Energy Bleed 1 | . . . . . . . . . . . . . . . . . . . . . . . 1 Siege Activations . | . . . . . . . . . . . . . . . . . . . . . . . . Robots Corrupted . | . . . . . . . . . . . . . . . . . . . . . . . . Combat Hostiles . | . . . . . . . . . . . . . . . . . . . . . . . . Parts Fried 4 | . . . . . . . . . 1 3 . . . . . . . . . . . . . Impact Corruptions 26 | . . . . . . . . . 7 18 . . . 1 . . . . . . . . . Robots Melted . | . . . . . . . . . . . . . . . . . . . . . . . . Combat Hostiles . | . . . . . . . . . . . . . . . . . . . . . . . . Parts Melted 1 | . . . . . . . . . . . . . . . . . . . . . . . 1 Heat Transferred 463 | . . . . . 111 . . . . . . . . . . . . . . . . . 352 Parts Sabotaged 10 | . . . . . . . . . . . . . . . . . . . . . . 10 . Parts Stolen . | . . . . . . . . . . . . . . . . . . . . . . . . Parts Stripped . | . . . . . . . . . . . . . . . . . . . . . . . . Power Chain Reactions . | . . . . . . . . . . . . . . . . . . . . . . . . Missiles Intercepted . | . . . . . . . . . . . . . . . . . . . . . . . . Alert | -11 -10 -10 -10 -9 -8 -8 -7 -7 -7 -6 -6 -6 -6 -5 -5 -5 -5 -5 -5 -4 -3 -3 -2 ------- Run | Jun Mat Min Exi Min Mat Sto Fac Was Fac Fac Low Low Dat Pro Fac Ext Cet Arc Hub Fac Res Tes Res Peak Influence 1913 | . 323 264 . 93 176 286 211 33 100 111 . . . . 390 1148 1217 705 356 393 130 1913 1148 Initial 1100 | . . 125 . . . 23 128 3 . . . . . . 164 107 563 486 246 137 127 . 1100 Average 227 | . 164 154 . 32 81 96 146 9 36 38 . . . . 181 484 952 656 263 190 37 1669 1095 Maximum Alert Level 5 | . 1 1 . . . 1 1 . . . . . . . 1 4 4 3 1 1 . 5 4 Low Security (%) 75 | . 47 77 . 100 100 85 99 100 100 100 . . . . 74 30 . . . 76 100 . . Level 1 9 | . 52 22 . . . 14 . . . . . . . . 25 23 . . 100 23 . . . Level 2 2 | . . . . . . . . . . . . . . . . 20 8 67 . . . . . Level 3 5 | . . . . . . . . . . . . . . . . 17 72 32 . . . . 26 Level 4 4 | . . . . . . . . . . . . . . . . 8 19 . . . . . 73 Level 5 . | . . . . . . . . . . . . . . . . . . . . . . . . High Security . | . . . . . . . . . . . . . . . . . . . . . . . . Max Security 1 | . . . . . . . . . . . . . . . . . . . . . . 99 . Squads Dispatched 50 | . 1 1 . . 3 2 1 . 1 7 . . . . 5 2 . . 3 5 4 12 3 Investigation 9 | . . 1 . . 1 1 . . . . . . . . . . . . 2 1 3 . . Extermination 8 | . . . . . . . 1 . 1 2 . . . . 1 . . . . 2 . . 1 Reinforcement 12 | . 1 . . . 2 1 . . . 2 . . . . 1 1 . . . 2 1 . 1 Assault 15 | . . . . . . . . . . . . . . . . 1 . . 1 . . 12 1 Garrison 6 | . . . . . . . . . . 3 . . . . 3 . . . . . . . . Intercept . | . . . . . . . . . . . . . . . . . . . . . . . . Searches Triggered . | . . . . . . . . . . . . . . . . . . . . . . . . Construction Impeded 1 | . . . . . . . . . . . . . . . . . . . . . . . 1 Haulers Reinforced 3 | . . . . . . . . . . 1 . . . . . . . . . 1 1 . . Active Scanning Responses . | . . . . . . . . . . . . . . . . . . . . . . . . Cargo Convoy Interrupts . | . . . . . . . . . . . . . . . . . . . . . . . . Stealth | -11 -10 -10 -10 -9 -8 -8 -7 -7 -7 -6 -6 -6 -6 -5 -5 -5 -5 -5 -5 -4 -3 -3 -2 --------- Run | Jun Mat Min Exi Min Mat Sto Fac Was Fac Fac Low Low Dat Pro Fac Ext Cet Arc Hub Fac Res Tes Res Distress Signals 13 | . . . . . 1 2 . . . . . . . . . 1 2 . . 1 4 1 1 Communications Jammed 177 | . . . . . . . . . . . . . . . . . 107 1 3 1 . 65 . Distress Signals 177 | . . . . . . . . . . . . . . . . . 107 1 3 1 . 65 . Times Spotted 333 | . 20 9 . 3 22 20 3 6 10 13 3 . . 10 11 33 19 6 16 22 5 89 13 Peak Tracking Total 47 | . 6 4 . 3 4 4 2 6 3 3 3 . . 6 4 5 8 2 15 10 3 47 6 Tactical Retreats 22 | . . . . . . 1 . 1 1 2 2 . . . 1 2 1 . . 3 . 5 3 Traps | -11 -10 -10 -10 -9 -8 -8 -7 -7 -7 -6 -6 -6 -6 -5 -5 -5 -5 -5 -5 -4 -3 -3 -2 ------- Run | Jun Mat Min Exi Min Mat Sto Fac Was Fac Fac Low Low Dat Pro Fac Ext Cet Arc Hub Fac Res Tes Res Traps Triggered 16 | . . . . . 1 1 1 . 4 1 . . . . . 1 . . . 3 4 . . Indirectly . | . . . . . . . . . . . . . . . . . . . . . . . . Trap Hack Attempts . | . . . . . . . . . . . . . . . . . . . . . . . . Triggered . | . . . . . . . . . . . . . . . . . . . . . . . . Disarmed . | . . . . . . . . . . . . . . . . . . . . . . . . Reprogrammed 6 | . . . . . . . . . . . . . . . . . . . . 6 . . . Reused 1 | . . . . . . . . . . . . . . . . . . . . 1 . . . Traps Extracted . | . . . . . . . . . . . . . . . . . . . . . . . . Installed 1 | . . . . . . . . . 1 . . . . . . . . . . . . . . Triggered 1 | . . . . . . . . . . . . . . . . . . . . 1 . . . Most Traps Carried 4 | . . . . 4 4 1 1 1 1 . . . . . . . . . . . . . . Machines | -11 -10 -10 -10 -9 -8 -8 -7 -7 -7 -6 -6 -6 -6 -5 -5 -5 -5 -5 -5 -4 -3 -3 -2 ---------- Run | Jun Mat Min Exi Min Mat Sto Fac Was Fac Fac Low Low Dat Pro Fac Ext Cet Arc Hub Fac Res Tes Res Machines Disabled 9 | . . . . 1 . 2 . . . . . . . . . 2 . 1 . . . 3 . Max in Single Turn 1 | . . . . . . 1 . . . . . . . . . . . . . . . 1 . Garrison Access 6 | . . . . . 1 . . . . 1 . . . . . . . . 1 2 1 . . Network Hub 2 | . . . . . . . . . . . . . . . . . . . 2 . . . . Machines Repaired 2 | . . . . . . . . . . . . . . . . . . . 2 . . . . Machines Sabotaged . | . . . . . . . . . . . . . . . . . . . . . . . . Overloaded Fab Kills . | . . . . . . . . . . . . . . . . . . . . . . . . Hacking | -11 -10 -10 -10 -9 -8 -8 -7 -7 -7 -6 -6 -6 -6 -5 -5 -5 -5 -5 -5 -4 -3 -3 -2 --------- Run | Jun Mat Min Exi Min Mat Sto Fac Was Fac Fac Low Low Dat Pro Fac Ext Cet Arc Hub Fac Res Tes Res Machines Accessed 60 | . 3 1 . 1 6 12 3 . 5 7 . . 4 . 1 4 1 . 4 6 2 . . Terminals 37 | . 3 . . . 5 11 2 . 2 4 . . . . . 3 1 . 4 2 . . . Fabricators 5 | . . . . . . . . . 2 1 . . . . . . . . . 2 . . . Repair Stations 5 | . . . . . . 1 1 . . 1 . . . . . 1 . . . . 1 . . Recycling Units . | . . . . . . . . . . . . . . . . . . . . . . . . Scanalyzers 1 | . . . . . . . . . 1 . . . . . . . . . . . . . . Garrison Access 6 | . . . . . 1 . . . . 1 . . . . 1 . . . . 2 1 . . Total Hacks 206 | . 5 1 . 1 12 31 8 . 10 17 . . 29 . 2 12 2 . 11 39 26 . . Successful 131 | . 1 1 . 1 5 17 4 . 5 9 . . 29 . . 4 1 . 8 23 23 . . Failed 74 | . 4 . . . 6 14 4 . 5 8 . . . . 2 8 1 . 3 16 3 . . Catastrophic 11 | . 2 . . . 2 1 1 . 1 3 . . . . . 1 . . . . . . . Database Lockouts 1 | . . . . . 1 . . . . . . . . . . . . . . . . . . Manual 79 | . 4 . . . 10 14 2 . 2 7 . . . . . 6 1 . 6 27 . . . Terminals 115 | . 5 . . . 11 27 3 . 5 12 . . . . . 9 2 . 11 30 . . . Fabricators 11 | . . . . . . . . . 3 1 . . . . . . . . . 7 . . . Repair Stations 37 | . . . . . . 4 5 . . 2 . . . . . 3 . . . . 23 . . Recycling Units . | . . . . . . . . . . . . . . . . . . . . . . . . Scanalyzers 2 | . . . . . . . . . 2 . . . . . . . . . . . . . . Garrison Access 10 | . . . . . 1 . . . . 2 . . . . 2 . . . . 2 3 . . Terminal Hacks 74 | . 1 1 . 1 3 12 . . 2 5 . . 29 . . 2 1 . 5 12 . . . Record 13 | . . . . . . 1 . . . . . . 11 . . . . . 1 . . . . Part Schematic 10 | . . . . . . . . . . . . . 10 . . . . . . . . . . Robot Schematic 5 | . . . . . . . . . . . . . 5 . . . . . . . . . . Robot Analysis 6 | . . . . . . 2 . . . . . . . . . . . . . 4 . . . Prototype ID Bank 7 | . 1 . . . 1 . . . . 1 . . 3 . . . . . 1 . . . . Open Door 8 | . . 1 . 1 . 5 . . . . . . . . . . 1 . . . . . . Level Access Points 1 | . . . . . . . . . . . . . . . . . . . . 1 . . . Branch Access Points 2 | . . . . . . . . . . 1 . . . . . . . . . 1 . . . Alert Level 6 | . . . . . 1 1 . . 1 1 . . . . . . . . 1 1 . . . Locate Traps 6 | . . . . . 1 1 . . . 1 . . . . . 1 . . 1 1 . . . Disarm Traps 1 | . . . . . . . . . . . . . . . . . . . . 1 . . . Reprogram Traps 2 | . . . . . . . . . . . . . . . . . . . . 2 . . . Hauler Manifests 1 | . . . . . . 1 . . . . . . . . . . . . . . . . . Zone Layout 6 | . . . . . . 1 . . 1 1 . . . . . 1 . . 1 1 . . . Fabricator Hacks 6 | . . . . . . . . . 1 1 . . . . . . . . . 4 . . . Network Status 4 | . . . . . . . . . 1 1 . . . . . . . . . 2 . . . Load Schematic 1 | . . . . . . . . . . . . . . . . . . . . 1 . . . Build 1 | . . . . . . . . . . . . . . . . . . . . 1 . . . Repair Station Hacks 33 | . . . . . . 4 4 . . 1 . . . . . 2 . . . . 22 . . Scan Component 17 | . . . . . . 2 2 . . 1 . . . . . 1 . . . . 11 . . Repair 16 | . . . . . . 2 2 . . . . . . . . 1 . . . . 11 . . Recycling Unit Hacks . | . . . . . . . . . . . . . . . . . . . . . . . . Scanalyzer 2 | . . . . . . . . . 2 . . . . . . . . . . . . . . Insert Component 1 | . . . . . . . . . 1 . . . . . . . . . . . . . . Analyze 1 | . . . . . . . . . 1 . . . . . . . . . . . . . . Garrison Access Hacks 5 | . . . . . 1 . . . . 1 . . . . . . . . . 2 1 . . Seal Access 5 | . . . . . 1 . . . . 1 . . . . . . . . . 2 1 . . Unauthorized Hacks 11 | . . . . . 1 1 . . . 1 . . . . . . . . 3 5 . . . Terminals 10 | . . . . . 1 1 . . . 1 . . . . . . . . 3 4 . . . Track 1 | . . . . . . . . . . . . . . . . . . . . 1 . . . Assimilate 1 | . . . . . . . . . . . . . . . . . . . . 1 . . . Botnet 4 | . . . . . 1 1 . . . . . . . . . . . . 1 1 . . . Operators 2 | . . . . . . . . . . 1 . . . . . . . . . 1 . . . Sabotage 2 | . . . . . . . . . . . . . . . . . . . 2 . . . . Fabricators 1 | . . . . . . . . . . . . . . . . . . . . 1 . . . Prioritize 1 | . . . . . . . . . . . . . . . . . . . . 1 . . . Repair Stations . | . . . . . . . . . . . . . . . . . . . . . . . . Recycling Units . | . . . . . . . . . . . . . . . . . . . . . . . . Scanalyzers . | . . . . . . . . . . . . . . . . . . . . . . . . Garrison Access . | . . . . . . . . . . . . . . . . . . . . . . . . Data Cores Recovered . | . . . . . . . . . . . . . . . . . . . . . . . . Used . | . . . . . . . . . . . . . . . . . . . . . . . . Hacking Detections 39 | . 3 . . . 5 8 3 . 5 6 . . . . 1 4 . . 2 2 . . . Full Trace Events 2 | . . . . . 1 . . . . . . . . . . . . . . 1 . . . Feedback Events . | . . . . . . . . . . . . . . . . . . . . . . . . Feedback Blocked . | . . . . . . . . . . . . . . . . . . . . . . . . Robot Schematics Acquired 5 | . . . . . . . . . . . . . 5 . . . . . . . . . . Robots Built . | . . . . . . . . . . . . . . . . . . . . . . . . Authchips . | . . . . . . . . . . . . . . . . . . . . . . . . Time . | . . . . . . . . . . . . . . . . . . . . . . . . Total Robot Build Rating . | . . . . . . . . . . . . . . . . . . . . . . . . Part Schematics Acquired 10 | . . . . . . . . . . . . . 10 . . . . . . . . . . Parts Built 2 | . . . . . . . . . . . . . . . . . . . . 2 . . . Authchips . | . . . . . . . . . . . . . . . . . . . . . . . . Time 58 | . . . . . . . . . . . . . . . . . . . . 58 . . . Total Part Build Rating 14 | . . . . . . . . . . . . . . . . . . . . 14 . . . Parts Repaired 16 | . . . . . . 2 2 . . . . . . . . 1 . . . . 11 . . Time 803 | . . . . . . 70 82 . . . . . . . . 25 . . . . 626 . . Parts Recycled . | . . . . . . . . . . . . . . . . . . . . . . . . Recycled Matter . | . . . . . . . . . . . . . . . . . . . . . . . . Retrieved Matter . | . . . . . . . . . . . . . . . . . . . . . . . . Retrieved Components . | . . . . . . . . . . . . . . . . . . . . . . . . Parts Scanalyzed 1 | . . . . . . . . . 1 . . . . . . . . . . . . . . Part Schematics Acquired . | . . . . . . . . . . . . . . . . . . . . . . . . Parts Damaged . | . . . . . . . . . . . . . . . . . . . . . . . . Bothacking | -11 -10 -10 -10 -9 -8 -8 -7 -7 -7 -6 -6 -6 -6 -5 -5 -5 -5 -5 -5 -4 -3 -3 -2 ------------ Run | Jun Mat Min Exi Min Mat Sto Fac Was Fac Fac Low Low Dat Pro Fac Ext Cet Arc Hub Fac Res Tes Res Used RIF Installer . | . . . . . . . . . . . . . . . . . . . . . . . . Robots Hacked . | . . . . . . . . . . . . . . . . . . . . . . . . Non-combat . | . . . . . . . . . . . . . . . . . . . . . . . . Combat . | . . . . . . . . . . . . . . . . . . . . . . . . Robot Hacks Applied . | . . . . . . . . . . . . . . . . . . . . . . . . Relay Couplers Released . | . . . . . . . . . . . . . . . . . . . . . . . . Fabnet Peak Effective % . | . . . . . . . . . . . . . . . . . . . . . . . . Robots Rewired 20 | . . . . . . . . . . . . . . 2 . 18 . . . . . . . Allies Hacked . | . . . . . . . . . . . . . . . . . . . . . . . . Hacks Repelled . | . . . . . . . . . . . . . . . . . . . . . . . . Allies | -11 -10 -10 -10 -9 -8 -8 -7 -7 -7 -6 -6 -6 -6 -5 -5 -5 -5 -5 -5 -4 -3 -3 -2 -------- Run | Jun Mat Min Exi Min Mat Sto Fac Was Fac Fac Low Low Dat Pro Fac Ext Cet Arc Hub Fac Res Tes Res Total Allies 40 | . . 3 . . . . . 1 3 . . . . 3 . 21 5 . . 1 3 . . Largest Group 11 | . . 3 2 2 2 . . 1 3 3 . . . 3 3 10 11 11 7 1 3 . . Highest-Rated Group 786 | . . 40 32 32 32 . . 31 93 93 . . . 147 147 442 786 786 485 41 138 . . Highest-Rated Ally 159 | . . 16 16 16 16 . . 31 31 31 . . . 96 89 159 159 159 96 41 46 . . Total Orders 4 | . . . . . . . . . . . . . . . . 2 . 2 . . . . . STAY 2 | . . . . . . . . . . . . . . . . 1 . 1 . . . . . FOLLOW 2 | . . . . . . . . . . . . . . . . 1 . 1 . . . . . Ally Attacks 387 | . . 16 . 4 9 . . 9 7 16 . . . 28 24 149 71 24 20 . 10 . . Total Damage 8866 | . . 143 . 33 16 . . 163 171 190 . . . 1064 448 2756 2071 872 783 . 156 . . Kills 62 | . . 4 . 2 . . . . 1 . . . . 5 3 25 14 5 2 . 1 . . Allies Corrupted 4 | . . . . . . . . . . . . . . . 1 . . . 3 . . . . Allies Melted . | . . . . . . . . . . . . . . . . . . . . . . . . Intel | -11 -10 -10 -10 -9 -8 -8 -7 -7 -7 -6 -6 -6 -6 -5 -5 -5 -5 -5 -5 -4 -3 -3 -2 ------- Run | Jun Mat Min Exi Min Mat Sto Fac Was Fac Fac Low Low Dat Pro Fac Ext Cet Arc Hub Fac Res Tes Res Robot Analysis Total 6 | . . . . . . 2 . . . . . . . . . . . . . 4 . . . Derelict Logs Recovered 3 | . . . . 1 . . . . . . . 1 . 1 . . . . . . . . . Drone Launches . | . . . . . . . . . . . . . . . . . . . . . . . . Drone Recoveries . | . . . . . . . . . . . . . . . . . . . . . . . . Exploration | -11 -10 -10 -10 -9 -8 -8 -7 -7 -7 -6 -6 -6 -6 -5 -5 -5 -5 -5 -5 -4 -3 -3 -2 ------------- Run | Jun Mat Min Exi Min Mat Sto Fac Was Fac Fac Low Low Dat Pro Fac Ext Cet Arc Hub Fac Res Tes Res Turns Passed 13294 | . 386 370 172 905 1057 1381 472 81 808 1499 304 174 42 373 743 875 349 183 142 802 1387 245 544 Spaces Moved 10221 | 1 339 308 162 781 517 475 185 91 760 1163 470 313 77 368 705 655 297 178 153 882 513 245 583 Core 426 | . . . . . . . . 17 331 . . . . . . . . . . . . 11 67 Treads 858 | . . . . . 304 459 . . 95 . . . . . . . . . . . . . . Legs 30 | 1 29 . . . . . . . . . . . . . . . . . . . . . . Wheels 2526 | . 310 308 162 781 213 . . . 334 418 . . . . . . . . . . . . . Hover 5910 | . . . . . . 16 185 74 . 745 470 313 77 368 705 655 297 178 153 882 513 234 45 Flight 471 | . . . . . . . . . . . . . . . . . . . . . . . 471 Fastest Speed 45 | 120 80 95 95 95 101 162 94 50 50 52 52 55 55 55 55 55 59 59 54 52 53 50 45 Average Speed 79 | 120 89 95 95 105 141 163 94 84 78 67 54 55 55 55 55 60 60 59 56 54 110 70 52 Slowest Speed 320 | 120 120 95 95 110 163 320 94 106 165 95 55 55 55 55 55 61 61 59 59 118 118 113 250 Overloaded Moves . | . . . . . . . . . . . . . . . . . . . . . . . . Propulsion Burnouts . | . . . . . . . . . . . . . . . . . . . . . . . . Robots Hopped 2 | . . . . . . . . . . . . . . . . . . . . . . . 2 Cave-ins Triggered . | . . . . . . . . . . . . . . . . . . . . . . . . Exploration Rate (%) 47 | 2 88 65 55 99 49 66 6 82 23 24 50 50 68 49 21 66 67 86 18 25 25 41 14 Regions Visited 23 Branch Regions 13 Pre-discovered Areas 2 | . . . . 1 . . . . . . . . 1 . . . . . . . . . . Known Exits Taken 4 | . . . . . . 1 . . . 1 . . . 1 . . . . . 1 . . . Unknown Exits Taken 17 | 1 1 1 1 1 1 . . . 1 . 1 1 1 . 1 1 1 1 1 . 1 1 . Scrap Searched 10 | . . 2 . 2 . . . . . . 2 1 . 3 . . . . . . . . . Spaces Dug 67 | . . . . . 4 5 . . 5 10 1 . . . 2 23 . . 2 9 . 4 2 Terrain Destroyed 177 | . 45 12 . . 49 5 . . 5 10 1 . . . 2 31 . . 2 9 . 4 2 Melee 47 | . . . . . 4 5 . . 5 10 1 . . . 2 3 . . 2 9 . 4 2 Projectile 28 | . . . . . . . . . . . . . . . . 28 . . . . . . . AOE 102 | . 45 12 . . 45 . . . . . . . . . . . . . . . . . . Terrain Rammed . | . . . . . . . . . . . . . . . . . . . . . . . . Walls Destroyed . | . . . . . . . . . . . . . . . . . . . . . . . . Machines Disabled . | . . . . . . . . . . . . . . . . . . . . . . . . Actions | -11 -10 -10 -10 -9 -8 -8 -7 -7 -7 -6 -6 -6 -6 -5 -5 -5 -5 -5 -5 -4 -3 -3 -2 --------- Run | Jun Mat Min Exi Min Mat Sto Fac Was Fac Fac Low Low Dat Pro Fac Ext Cet Arc Hub Fac Res Tes Res Total 14766 | . 397 368 180 859 738 1011 476 95 912 1803 513 314 76 504 1029 1057 438 238 206 1149 1313 300 790 Wait 3377 | . 3 39 19 64 78 457 264 . 75 535 38 . . 101 281 142 114 39 45 185 720 12 166 Move 10197 | . 338 307 161 780 516 474 185 90 759 1162 469 312 76 367 704 654 296 177 152 882 512 245 579 Hop 2 | . . . . . . . . . . . . . . . . . . . . . . . 2 Pick Up 138 | . 9 6 . 5 23 11 9 1 12 17 1 1 . 1 7 5 3 4 1 5 12 . 5 Fast Attach 92 | . 4 . . . 11 8 2 . 12 9 . . . . 1 1 1 1 1 10 12 8 11 Attach 61 | . . . . . 11 . 3 2 6 5 . . . . 4 3 2 . . 11 6 4 4 Detach 28 | . . . . . 5 . 1 . 1 3 . . . . 1 . . . . 8 4 2 3 Swap 79 | . 11 4 . 4 10 2 . . 6 6 1 . . 5 6 7 1 1 2 3 6 3 1 Drop 138 | . 14 2 . 4 21 17 6 2 9 23 2 1 . 1 4 4 2 4 3 3 6 5 5 Fire 122 | . 18 10 . 2 51 . . . . . . . . . . 29 . . . . . . 12 Melee 310 | . . . . . 12 42 6 . 31 43 2 . . 18 21 39 19 12 2 42 9 10 2 Ram . | . . . . . . . . . . . . . . . . . . . . . . . . Kick . | . . . . . . . . . . . . . . . . . . . . . . . . Crush . | . . . . . . . . . . . . . . . . . . . . . . . . Escape Stasis 43 | . . . . . . . . . . . . . . . . 6 . . . . 26 11 . Rewire 178 | . . . . . . . . . . . . . . 11 . 167 . . . . . . . Trap 1 | . . . . . . . . . 1 . . . . . . . . . . . . . . Miscellaneous . | . . . . . . . . . . . . . . . . . . . . . . . . Route ------- -11/Junkyard -10/Materials (discovered 5 exits: [*Mat x3] / *Min x2) -10/Mines -10/Exiles -9/Mines (discovered 2 exits: *Mat x2) -8/Materials (discovered 2 exits: *Fac / *Sto) -8/Storage -7/Factory -7/Waste -7/Factory -6/Factory (discovered 3 exits: *Fac / *Low x2) -6/Lower Caves -6/Lower Caves -6/Data Miner -5/Proximity Caves -5/Factory (discovered 2 exits: *Upp / *Ext) -5/Extension (discovered 2 exits: *Fac / *Cet) -5/Cetus (discovered 2 exits: *Fac / [*Arc]) -5/Archives (discovered 2 exits: *Hub x2) -5/Hub_04(d) -4/Factory (discovered 7 exits: *Res x4 / Upp x2 / Arm) -3/Research -3/Testing -2/Research History --------- Turn | Location | Event 1 | -11/Junkyard | Discovered new exit (range 0) 1 | -11/Junkyard | Entered Materials 96 | -10/Materials | Discovered new exit (range 5) 151 | -10/Materials | Discovered new exit (range 9) 170 | -10/Materials | Discovered new exit (range 12) 200 | -10/Materials | Discovered new exit (range 11) 300 | -10/Materials | Discovered new exit (range 9) 307 | -10/Materials | Build established: Mutant 387 | -10/Materials | Entered Mines 388 | -10/Mines | Assisted by bots powering up and referring to "LRC-V3" 397 | -10/Mines | Assembled infested the area 446 | -10/Mines | Met a Derelict shopkeep closing up shop 546 | -10/Mines | Received a Rocket Launcher from a helpful Derelict 741 | -10/Mines | Deemed a non-threat by the Exiles lab entrance 741 | -10/Mines | Discovered new exit (range 5) 757 | -10/Mines | Entered Exiles 757 | -10/Exiles | Accompanied by 2 allies 781 | -10/Exiles | Met 8R-AWN 797 | -10/Exiles | Met EX-HEX 825 | -10/Exiles | Met EX-BIN 835 | -10/Exiles | Aligned with FarCom system 836 | -10/Exiles | Given EX-Vault access code 865 | -10/Exiles | Met EX-DEC 898 | -10/Exiles | Discovered new exit (range 14) 929 | -10/Exiles | Entered Mines 929 | -9/Mines | Accompanied by 2 allies 935 | -9/Mines | Found the Drone Emporium 941 | -9/Mines | Met a Derelict bent on vengeance 949 | -9/Mines | Found Prototype Device 1028 | -9/Mines | Discovered new exit (range 11) 1204 | -9/Mines | Discovered new exit (range 12) 1237 | -9/Mines | Build established: Skirmisher 1462 | -9/Mines | Learned location of Storage (-8) 1667 | -9/Mines | Found a hidden stash of uninstalled traps 1834 | -9/Mines | Entered Materials 1834 | -8/Materials | Accompanied by 2 allies 1834 | -8/Materials | Evolved 4 slots: Propulsion x1, Utility x2, Weapon x1 1835 | -8/Materials | Identified exit to Factory 2218 | -8/Materials | Lost 5 parts (2n1u2w) 2639 | -8/Materials | Central database locked down 2768 | -8/Materials | Discovered new exit (range 7) 2860 | -8/Materials | Build established: Mutant 2891 | -8/Materials | Entered Storage 3565 | -8/Storage | Repaired Imp. Treads 3605 | -8/Storage | Repaired Arm. Treads 4083 | -8/Storage | Core integrity fell below 50% 4205 | -8/Storage | Discovered exit to Factory (range 9) 4272 | -8/Storage | Entered Factory 4272 | -7/Factory | Evolved 2 slots: Propulsion x2 4439 | -7/Factory | Repaired Actuator Array 4484 | -7/Factory | Repaired Spear 4744 | -7/Factory | Sucked down chute 4744 | -7/Factory | Entered Waste 4745 | -7/Waste | Met a frightened Derelict 4755 | -7/Waste | Spotted C-40 Crusher 4759 | -7/Waste | EMP discharged 4759 | -7/Waste | System corruption reached 10% 4775 | -7/Waste | Spotted C-40 Crusher 4785 | -7/Waste | Spotted C-40 Crusher 4800 | -7/Waste | Spotted C-40 Crusher 4801 | -7/Waste | Spotted C-40 Crusher 4801 | -7/Waste | Spotted C-40 Crusher 4806 | -7/Waste | Crushed by Compactor (1 part destroyed, 1 dropped) 4809 | -7/Waste | Crushed by Compactor (1 part destroyed, 1 dropped) 4811 | -7/Waste | Crushed by Compactor (1 part destroyed, 2 dropped) 4814 | -7/Waste | Crushed by Compactor (1 part destroyed, 1 dropped) 4817 | -7/Waste | Crushed by Compactor (1 part destroyed, 1 dropped) 4821 | -7/Waste | Discovered new exit (range 10) 4825 | -7/Waste | Entered Factory 4848 | -7/Factory | Lost 6 parts (1p1n2u2w) 5547 | -7/Factory | Discovered new exit (range 15) 5557 | -7/Factory | Allied Derelicts emerged from ambush trap array 5633 | -7/Factory | Entered another Factory area 5633 | -6/Factory | Accompanied by 3 allies 5633 | -6/Factory | Evolved 2 slots: Utility x2 5713 | -6/Factory | Discovered new exit (range 8) 6004 | -6/Factory | Found Powered Armor 6158 | -6/Factory | Identified exit to Lower Caves 6509 | -6/Factory | Garrison activated, responded to threat 6912 | -6/Factory | System corruption reached 10% 7132 | -6/Factory | Entered Lower Caves 7204 | -6/Lower Caves | Attracted the attention of an 0b10 checkpoint 7400 | -6/Lower Caves | Discovered new exit (range 7) 7410 | -6/Lower Caves | Spotted B-75 Beast 7436 | -6/Lower Caves | Entered another Lower Caves area 7541 | -6/Lower Caves | Discovered new exit (range 16) 7610 | -6/Lower Caves | Entered Data Miner 7610 | -6/Data Miner | Discovered new exit (range 6) 7621 | -6/Data Miner | Met Data Miner 7631 | -6/Data Miner | Learned location of Section 7 (-2) 7631 | -6/Data Miner | Acquired the access code to Warlord's prototype stash 7640 | -6/Data Miner | Received God Mode back door access code from Data Miner 7652 | -6/Data Miner | Entered Proximity Caves 7698 | -5/Proximity Caves | Identified exit to Factory 7741 | -5/Proximity Caves | Escorted by Enhanced Grunt 7906 | -5/Proximity Caves | Attracted the attention of an 0b10 outpost 8025 | -5/Proximity Caves | Entered Factory 8025 | -5/Factory | Accompanied by 3 allies 8025 | -5/Factory | Evolved 2 slots: Utility x2 8026 | -5/Factory | Identified exit to Upper Caves 8470 | -5/Factory | Garrison activated, responded to threat 8761 | -5/Factory | Discovered new exit (range 10) 8768 | -5/Factory | Entered Extension 8803 | -5/Extension | Rescued a captive Derelict 8804 | -5/Extension | Rescued a captive Derelict 9241 | -5/Extension | Build established: Commander-Mutant 9301 | -5/Extension | Repaired Gravmag Array 9368 | -5/Extension | First assault squad dispatched 9377 | -5/Extension | Rescued A7 9532 | -5/Extension | Discovered new exit (range 10) 9532 | -5/Extension | Discovered new exit (range 6) 9643 | -5/Extension | Entered Cetus 9643 | -5/Cetus | Accompanied by 10 allies (A7) 9648 | -5/Cetus | Acquired a Cetus Manufacturing Module code from A7 9653 | -5/Cetus | Spotted Cetus Guard 9653 | -5/Cetus | Spotted Cetus Guard 9653 | -5/Cetus | Spotted Cetus Guard 9661 | -5/Cetus | Spotted Cetus Guard 9662 | -5/Cetus | Allies destroyed Cetus Guard 9669 | -5/Cetus | Allies destroyed Cetus Guard 9670 | -5/Cetus | Destroyed Cetus Guard 9673 | -5/Cetus | Allies destroyed Cetus Guard 9702 | -5/Cetus | Escorted A7 to Cetus Mainframe 9709 | -5/Cetus | Started Cetus Manufacturing Module 9734 | -5/Cetus | Manufactured an Enhanced Grunt 9759 | -5/Cetus | Manufactured an Enhanced Grunt 9784 | -5/Cetus | Manufactured an Enhanced Grunt 9809 | -5/Cetus | Manufactured an Enhanced Grunt 9834 | -5/Cetus | Manufactured an Enhanced Grunt 9891 | -5/Cetus | Discovered new exit (range 15) 9908 | -5/Cetus | Spotted Cetus Guard 9908 | -5/Cetus | Spotted Cetus Guard 9912 | -5/Cetus | Spotted Cetus Guard 9914 | -5/Cetus | Spotted Cetus Guard 9916 | -5/Cetus | Discovered new exit (range 16) 9925 | -5/Cetus | Allies destroyed Cetus Guard 9937 | -5/Cetus | Allies destroyed Cetus Guard 9937 | -5/Cetus | Destroyed Cetus Guard 9940 | -5/Cetus | Met Revision 17 9992 | -5/Cetus | Entered Archives 9992 | -5/Archives | Accompanied by 11 allies (A7) 9997 | -5/Archives | Received a hacking code to weaken MAIN.C 10022 | -5/Archives | Discovered new exit (range 16) 10072 | -5/Archives | Discovered new exit (range 15) 10175 | -5/Archives | Entered Hub_04(d) 10175 | -5/Hub_04(d) | Accompanied by 7 allies 10178 | -5/Hub_04(d) | Discovered new exit (range 8) 10296 | -5/Hub_04(d) | Network Hub disabled 10299 | -5/Hub_04(d) | Network Hub disabled 10300 | -5/Hub_04(d) | Spotted Lightning 10300 | -5/Hub_04(d) | Spotted Lightning 10301 | -5/Hub_04(d) | Spotted Lightning 10317 | -5/Hub_04(d) | Entered Factory 10317 | -4/Factory | Evolved 2 slots: Utility x2 10354 | -4/Factory | Identified exit to Upper Caves 10354 | -4/Factory | Identified exit to Armory 10354 | -4/Factory | Identified exit to Research 10420 | -4/Factory | P-70 Sage assimilated allied Director 7a 10576 | -4/Factory | Fabricated Nanoactuators (x2) 10617 | -4/Factory | Build established: Hacker-Mutant 11052 | -4/Factory | Lost 5 parts (2n2u1w) 11119 | -4/Factory | Entered Research 11119 | -3/Research | Evolved 2 slots: Power x1, Utility x1 11181 | -3/Research | Repaired Cmb. Airjet 11245 | -3/Research | Repaired Imp. Antigrav System 11302 | -3/Research | Repaired Lance 11319 | -3/Research | Revision forces began assault on 0b10 11328 | -3/Research | Met up with Revision 17++ 11412 | -3/Research | Repaired Centrium Medium Armor Plating 11475 | -3/Research | Repaired Imp. Fusion Compressor 11532 | -3/Research | Repaired Antigrav System 11595 | -3/Research | Repaired Nanoactuators 11653 | -3/Research | Repaired Lance 11704 | -3/Research | Repaired Gravmag Array 11732 | -3/Research | Repaired Lrg. Storage Unit 11771 | -3/Research | Repaired Imp. Heat Sink 11819 | -3/Research | Research terminal network offline 12203 | -3/Research | Spotted Striker 12203 | -3/Research | Spotted Striker 12291 | -3/Research | Discovered new exit (range 10) 12506 | -3/Research | Entered Testing 12507 | -3/Testing | Maximum security lockdown engaged 12647 | -3/Testing | Found Prototype Device 12647 | -3/Testing | Identified Exp. Hardlight Generator 12725 | -3/Testing | Spotted Investigator 12733 | -3/Testing | Scanned by Researcher 12742 | -3/Testing | Core integrity fell below 50% 12747 | -3/Testing | Discovered new exit (range 8) 12749 | -3/Testing | Core integrity fell below 20% 12751 | -3/Testing | Entered Research 12751 | -2/Research | Evolved 2 slots: Propulsion x1, Utility x1 12775 | -2/Research | Lost 14 parts (1p5n7u1w) 12824 | -2/Research | Found Prototype Device 12824 | -2/Research | Identified Exp. Shield Generator 13001 | -2/Research | First assault squad dispatched 13037 | -2/Research | Build established: Mutant 13256 | -2/Research | Lost 8 parts (2p1n2u3w) 13295 | -2/Research | Self-destructed Last Messages --------------- 13210_ Enh. Quantum Rifle destroyed. 13210_ Critical hit (Burn: +37). 13212_ K-01 Serf collects debris. 13213_ Adv. Weight Redist. System destroyed. 13214_ Enh. Quantum Rifle destroyed. 13216_ Acquired Lgt. Antimatter Reactor. 13216_ K-01 Serf collects debris. 13216_ K-01 Serf destroyed. 13218_ Impulse Thruster Array destroyed. 13219_ Imp. Thermal Shield destroyed. 13221_ U-05 Engineer builds a Wall. 13223_ R-10 Processor collects Med. Matter Pod. 13225_ Lgt. Antimatter Reactor destroyed. 13227_ R-10 Processor collects Wheel. 13234_ K-01 Serf cleans the Antiparticle Reservoir. 13243_ Acquired Imp. Gyrokinetic Inverter. 13246_ Acquired Quantum Reactor. 13251_ ALERT: Rogue bot located, Programmers report to Research Zone 1C. 13270_ Acquired Enh. Quantum Rifle. 13281_ Adv. Transmission Jammer destroyed. Map ----- +----------------------------------------------------+ | ?????????????????????????????????????????????????? | | ?????????????????????????????????????????????????? | | ?????????????????????????????????????????????????? | | ?????????????????????????????????????????????????? | | ?????????????????????????????????????????????????? | | ?????????????????????????????????????????????????? | | ?????????????????????????????????????????????????? | | ?????????????????????????????????????????????????? | | ?????????????????????????????????????????????????? | | ??????????????????????????p??????????????????????? | | ?????????????????????????????????????????????????? | | ?????####????????????????p""""???????????????????? | | #????! ?????????????????""""???????????????????? | | # ??? ?????????????????""""???????????????????? | | # """ ?????????????????""""???????????????????? | | # "R ?????????????????""""???????????????????? | | # """ """? #???????????????????????????????????? | | # "" """ #?????????????p?????????????????????? | | # """ #?????????????#+#?###########???????? | | # """ #?????????????# #?# #???????? | | # """ #?????????????# #?? ! #???????? | | ? #?????????????# #???? #???????? | | ??? ???????????????# #?????? ???###### | | ????? ????????#?????#### #????####"###? | | #######+########### ##T #w##???# #? | | # @ ##### # | | # # """""? | | # g k + """""? | | + t ### # g # """""? | | # ###+##################?# # # | | # #??????????????????????# #### ###? | | # #??????????????????????# #### #???####### | | # #??????????????????????# # #?????????? | | ##### #??????????????????????+ # #?????????? | | # #??????????????????????# # #?????????? | | # #??????????????????????# # #?????????? | | ! # #??????????????????????# # #?????????? | | # #?????????????########## #+#########?? | | ##### ###############"""T"""## # """"" #?? | | #???# # """"" #?? | | #???# # """"" #?? | | ##### # #?? | | + #?? | | ######+##### """" """" """" # #?? | | # """" """" """" # #?? | | ! # """" """" """" # #?? | | """"""" # """" """" """" ############# | | """""""* # # | | """"""" # # | | # # | +----------------------------------------------------+ Best States ------------- Heat Dissipation 60 Energy Generation 39 Energy Capacity 500 Matter Stores 300 Matter Capacity 300 Sight Range 20 Terrain Scan Range 14 Terrain Scan Density 10 Jamming Range 16 Additional Mass Support 9 Base Temperature (-) 200 Corruption Block 15 Armor Coverage 550 Resistance: TH 25 Core Shielding 20 Weapon Shielding 66 Melee Speed Boost 30 Evasion (%) 61 Melee Accuracy 22 Recoil Reduction 3 Offensive Hacking 36 Item Schematics ----------------- Combat Drone Bay | -6/Data Miner | Free Lgt. Regenerative Plating | -6/Data Miner | Free Enh. Armored Leg | -6/Data Miner | Free Imp. Matter Compressor | -6/Data Miner | Free Hvy. Proton Missile Launcher | -6/Data Miner | Free Hvy. Siege Treads | -6/Data Miner | Free Nanoactuators | -6/Data Miner | Free Phase Gun | -6/Data Miner | Free Disruptor Cannon | -6/Data Miner | Free Quantum Rifle | -6/Data Miner | Free Robot Schematics ------------------ R-10 Processor | -6/Data Miner | Free G-50 Soldier | -6/Data Miner | Free S-27 Virus | -6/Data Miner | Free B-60 Warrior | -6/Data Miner | Free A-27 Freighter | -6/Data Miner | Free Fabricated ------------ Nanoactuators | x2 | -4/Factory Alien Tech Used ----------------- None Achievements -------------- Revolutionary Research Challenges ------------ None Game ------ Seed InsulatedSalvageCalibrator Manual? 0 Play Time 02:47:22 Cumulative 195.7 hours Start 2023.12.03 @ 17:28:32 End 2023.12.03 @ 20:45:04 Sessions 1 Manual Loads 0 Difficulty Rogue Special Mode None Game No. 112 Rogue 112 Adventurer 0 Explorer 0 Win Type - Total 2 Types 2/0/0/0/0/0/0/0/0 Lore% 48 Gallery% 69 Achievement% 55 Wizard Run 0 Options --------- ASCII 0 Keyboard 1 Movement Numpad Keybinds 0 Fullscreen 1 Font 24/Smallcaps Map View 76x50 Tactical HUD 1 Map Filters NONE Filters NONE Steam 1 RUN: 2e594239-13f2-4138-b2af-5210346902f3